 Dungeon Crawl Stone Soup version 0.23.1 (webtiles) character file.

Game seed: 0

833 Borgoz the Cutter (level 7, -1/60 HPs)
             Began as a Ghoul Monk on Mar 17, 2019.
             Slain by a worm (8 damage)
             ... on level 5 of the Dungeon.
             The game lasted 00:10:55 (4337 turns).

Borgoz the Cutter (Ghoul Monk)                      Turns: 4337, Time: 00:10:56

Health: -1/60      AC: 10    Str: 15    XL:     7   Next: 98%
Magic:  0/6        EV:  8    Int:  9    God:
Gold:   172        SH:  0    Dex: 12    Spells: 6/6 levels left

rFire    + . .     SeeInvis .   m - +0 dagger (venom)
rCold    + . .     Gourm    .   (no shield)
rNeg     + + +     Faith    .   g - +0 chain mail
rPois    ∞         Spirit   +   j - +0 helmet
rElec    .         Reflect  .   (no cloak)
rCorr    .         Harm     .   (no gloves)
MR       .....                  (no boots)
Stlth    ..........             h - amulet of guardian spirit
HPRegen  0.00/turn              k - +3 ring of intelligence
MPRegen  0.10/turn              n - ring of protection from fire

@: rotting
A: rotting body, claws 1, carnivore, cold resistance 1, negative energy
resistance 3, inhibited regeneration, torment resistance, unbreathing
a: no special abilities


You were on level 5 of the Dungeon.
You were not hungry.

You visited 1 branch of the dungeon, and saw 5 of its levels.

You collected 172 gold pieces.

Inventory:

Hand Weapons
 m - a +0 dagger of venom (weapon)
Armour
 g - a +0 chain mail (worn)
 j - a +0 helmet (worn)
Jewellery
 h - an amulet of guardian spirit (around neck)
 k - a +3 ring of intelligence (left claw)
 l - an uncursed ring of resist corrosion {unknown}
 n - a ring of protection from fire (right claw)
 s - an uncursed ring of ice
 t - an uncursed ring of stealth
Scrolls
 a - 3 scrolls of random uselessness {unknown}
 b - 2 scrolls of teleportation
 d - 3 scrolls of remove curse
 e - a scroll of enchant armour {unknown}
 f - a scroll of amnesia
 i - 3 scrolls of immolation {unknown}
Comestibles
 c - 10 rations


   Skills:
 + Level 4.6 Fighting
 * Level 4.8 Short Blades
 * Level 3.7 Armour
 * Level 4.7 Dodging
 + Level 4.0 Stealth


You had 6 spell levels left.
You didn't know any spells.
Your spell library contained the following spells:

 Spells                   Type           Power        Failure   Level  Hunger
 Freeze                   Ice            #...         100%        1    ##.....
 Throw Frost              Conj/Ice       #.....       100%        2    ###....
 Ozocubu's Armour         Chrm/Ice       #.......     100%        3    ####...
 Summon Ice Beast         Ice/Summ       #.......     100%        4    #####..
 Throw Icicle             Conj/Ice       #.......     100%        4    #####..


Dungeon Overview and Level Annotations

Branches:
Dungeon (5/15)
 Temple: D:4-7

Altars:
Makhleb


Innate Abilities, Weirdness & Mutations

Your body is rotting away.
You thrive on raw meat.
You are immune to poison.
You have sharp fingernails.
You are carnivorous and can eat meat at any time.
Your flesh is cold resistant. (rC+)
You are immune to negative energy. (rN+++)
You do not regenerate when monsters are visible.
You are immune to unholy pain and torment.
You can survive without breathing.


Message History

The phantom hits you.
* * * LOW HITPOINT WARNING * * *
You hit the centaur.
The centaur is poisoned.
The centaur is lightly wounded.
The centaur hits you but does no damage.
The phantom barely misses you. The worm barely misses you.
The centaur hits you.
* * * LOW HITPOINT WARNING * * *
You hit the centaur but do no damage.
The centaur looks as sick as possible!
The centaur is lightly wounded.
The phantom barely misses you.
The centaur hits you but does no damage.
You hit the centaur.
The centaur looks as sick as possible!
The centaur is moderately wounded.
The centaur hits you.
* * * LOW HITPOINT WARNING * * *
The phantom hits you.
* * * LOW HITPOINT WARNING * * *
The worm bites you!
You die...

#.......#..#
#...(...##..#
#.......#
#..#
#.....>.#
#..######
#.......#
#......>
#...<...#
#.%....
###.#####
....... #.#
####W......
#.#
#.(@c......
#.#
###.##w......
#)####...#
.......
##......###
.......
#...#####
....... #...#
....... #...#
....... #####
.......


You could see a phantom, a centaur and a worm.

Vanquished Creatures
  An ogre (D:4)
  A centaur (D:3)
  2 scorpions
  2 howler monkeys (D:4)
  2 orc priests
  2 orc wizards (D:4)
  A bullfrog skeleton (D:5)
  5 hounds
  A worker ant (D:3)
  An iguana (D:5)
  A worker ant zombie (D:5)
  4 adders
  3 river rats (D:3)
  2 worms
  3 dart slugs
  A leopard gecko (D:4)
  4 orcs
  9 bats
  4 giant cockroaches
  4 goblins
  6 hobgoblins
  2 jackals (D:2)
  2 quokkas
  3 ball pythons
  6 frilled lizards
  4 kobolds
  7 rats
83 creatures vanquished.

Notes
Turn   | Place    | Note
-------+----------+-------------------------------------------
     0 | D:1      | Borgoz the Ghoul Monk began the quest for the Orb.
     0 | D:1      | Reached XP level 1. HP: 19/19 MP: 0/0
   509 | D:1      | Reached XP level 2. HP: 25/26 MP: 1/1
   862 | D:2      | Reached skill level 1 in Armour
   862 | D:2      | Reached XP level 3. HP: 15/31 MP: 2/2
  1311 | D:2      | Reached XP level 4. HP: 29/38 MP: 3/3
  1979 | D:3      | Found a burning altar of Makhleb.
  2010 | D:3      | Reached XP level 5. HP: 25/46 MP: 1/4
  2044 | D:3      | Noticed a centaur
  2065 | D:3      | Killed a centaur
  2295 | D:3      | Reached XP level 6. HP: 43/52 MP: 3/5
  2953 | D:4      | Reached XP level 7. HP: 28/59 MP: 2/6
  4220 | D:5      | Entered Level 5 of the Dungeon
  4337 | D:5      | Slain by a worm

Skill      XL: |  1  2  3  4  5  6  7 |
---------------+----------------------+-----
Short Blades   | 3 4 |  4.8
Armour         | 1 2 3 |  3.7
Dodging        | 3 4 |  4.7
Stealth        | 3 4 |  4.0
Fighting       | 4 |  4.6

Action                   |  1- 3 |  4- 6 |  7- 9 || total
-------------------------+-------+-------+-------++-------
Melee: Short sword       |   136 |   349 |    84 ||   569
       Dagger            |       |       |    77 ||    77
  Use: Potion            |     1 |     5 |     3 ||     9
       Scroll            |       |     3 |     4 ||     7
 Stab: Fleeing           |       |     1 |       ||     1
       Invisible         |       |       |     1 ||     1
  Eat: Chunk             |     5 |    14 |     9 ||    28
Armor: Chain mail        |    97 |   258 |    57 ||   412
Dodge: Dodged            |    46 |   148 |    47 ||   241
